Jets vs Rangers
Created - 10 janvier 2017 at 19:03
Goals
|
| Jets |
1 |
3 |
1 |
0 |
5 |
| Rangers |
2 |
2 |
1 |
1 |
6 |
|
Shots
|
| Jets |
13 |
10 |
10 |
0 |
33 |
| Rangers |
8 |
9 |
16 |
4 |
37 |
|
1st period
1. Jets , Benoit Pouliot 17 (Eric Fehr, Blake Wheeler) at 2:37
2. Rangers , Milan Lucic 16 (Mark Fistric) at 8:47
3. Rangers , Milan Lucic 17 (Patrice Bergeron) at 9:13 (PP)
Penalties :
Milan Lucic (NYR) for Tripping (Minor) at 4:41, Jussi Jokinen (Win) for Boarding (Minor) at 9:11, Drew Stafford (NYR) for Cross-checking (Minor) at 13:53
2nd period
4. Jets , Dustin Brown 9 (Derek Roy, Benoit Pouliot) at 5:12 (PP)
5. Jets , Mikko Koivu 11 (Jussi Jokinen, Dmitri Kalinin) at 5:45
6. Rangers , Jakob Silfverberg 11 (Stephen Weiss, Mike Cammalleri) at 14:57
7. Jets , Benoit Pouliot 18 (Derek Roy) at 15:13
8. Rangers , Patrice Bergeron 17 (Chris Bourque, Drew Stafford) at 19:13
Penalties :
Milan Lucic (NYR) for Cross-checking (Minor) at 5:05, Drew Stafford (NYR) for Tripping (Minor) at 16:31
3rd period
9. Jets , Paul Gaustad 1 (Lee Stempniak, Michael Rupp) at 5:40
10. Rangers , Artem Anisimov 2 (Cam Barker) at 9:40
Penalties :
Ryan Suter (NYR) for Interference (Minor) at 3:10, Blake Wheeler (Win) for Tripping (Minor) at 6:26, Mikko Koivu (Win) for Hooking (Minor) at 13:10, Adam Pardy (Win) for Hooking (Minor) at 19:16
Overtime #1
11. Rangers , Jakob Silfverberg 12 (Cam Barker, Ryan Suter) at 3:20
Penalties :
No Penalty
Goalie Stats
Kari Lehtonen (Win), 31 saves from 37 shots - (0,838), OTL, 9-11-3, 63:20 minutes
Hannu Toivonen (NYR), 28 saves from 33 shots - (0,848), W, 3-5-1, 63:20 minutes
Players Stats for Jets
Player Name G A P +/- PIM S H SB GA TA FO MP PP MP PK MP
------------------------------------------------------------------------------------
Adam Pardy 0 0 0 -3 2 1 0 0 2 0 0/0 21:22 2:55 1:40
Anton Volchenkov 0 0 0 0 0 4 1 1 0 2 0/0 31:27 5:08 4:19
Benoit Pouliot 2 1 3 -1 0 4 2 0 1 0 6/12 29:07 5:03 4:08
Blake Wheeler 0 1 1 0 2 0 1 1 0 2 0/0 17:38 3:00 0:00
Derek Roy 0 2 2 -2 0 2 0 1 1 1 18/35 25:58 5:03 3:44
Dmitri Kalinin 0 1 1 0 0 2 5 4 1 1 0/0 30:45 5:08 3:44
Dustin Brown 1 0 1 -3 0 3 7 0 0 0 0/0 21:49 5:03 0:52
Eric Fehr 0 1 1 1 0 0 0 0 0 0 0/0 4:11 0:00 0:00
Eric Gelinas 0 0 0 2 0 0 0 3 0 1 0/0 10:37 0:00 0:00
Fredrik Sjostrom 0 0 0 1 0 0 1 0 0 0 0/0 5:10 0:00 0:31
Greg Zanon 0 0 0 -3 0 1 0 0 1 0 0/0 21:58 2:55 2:15
Jussi Jokinen 0 1 1 0 2 2 0 0 0 0 1/1 17:10 3:00 0:00
Kevin Klein 0 0 0 2 0 0 0 4 0 1 0/0 10:37 0:00 0:00
Lee Stempniak 0 1 1 1 0 4 1 0 1 1 0/0 13:32 0:00 0:56
Marcel Hossa 0 0 0 0 0 0 0 0 0 0 0/0 1:56 0:00 0:00
Michael Rupp 0 1 1 1 0 4 0 2 0 1 0/0 12:43 0:00 0:00
Mikko Koivu 1 0 1 -1 2 2 3 1 0 0 5/10 19:00 3:00 0:31
Paul Gaustad 1 0 1 1 0 4 2 0 0 0 4/10 12:17 0:00 0:00
Players Stats for Rangers
Player Name G A P +/- PIM S H SB GA TA FO MP PP MP PK MP
------------------------------------------------------------------------------------
Alexei Emelin 0 0 0 0 0 0 1 3 1 0 0/0 13:23 0:00 3:04
Artem Anisimov 1 0 1 1 0 2 2 0 0 0 1/2 9:32 0:00 2:27
Cam Barker 0 2 2 -1 0 1 1 3 0 2 0/0 33:07 2:56 4:59
Chris Bourque 0 1 1 1 0 0 1 0 1 0 0/0 12:34 0:00 1:03
Drew Stafford 0 1 1 1 4 0 3 0 1 0 0/0 19:23 2:26 0:00
Gustav Nyquist 0 0 0 0 0 0 1 0 1 0 1/1 10:04 0:00 0:00
Jakob Silfverberg 2 0 2 -1 0 9 0 0 1 0 0/0 16:14 2:17 0:00
Mark Fistric 0 1 1 4 0 3 3 1 1 1 0/0 25:35 2:56 3:04
Matt Greene 0 0 0 1 0 1 0 1 0 0 0/0 10:56 1:47 4:59
Matt Read 0 0 0 1 0 2 1 0 0 0 0/0 8:50 0:00 2:27
Mike Cammalleri 0 1 1 -2 0 1 1 0 0 0 0/1 15:26 2:17 0:00
Milan Lucic 2 0 2 0 4 7 3 0 2 0 2/3 20:25 2:26 0:00
Nick Foligno 0 0 0 1 0 0 0 0 0 0 0/0 11:14 0:00 4:33
Patrice Bergeron 1 1 2 1 0 3 3 0 1 0 15/31 22:35 2:26 0:59
Ryan Suter 0 1 1 -2 2 1 1 0 0 1 0/0 23:58 1:47 0:00
Staffan Kronwall 0 0 0 0 0 1 3 2 1 1 0/0 20:01 0:00 0:00
Stephen Weiss 0 1 1 -1 0 4 4 0 0 0 8/15 16:14 2:17 0:00
Valtteri Filppula 0 0 0 0 0 2 0 0 0 2 7/15 15:41 0:00 4:37
3 Stars
1 - Benoit Pouliot (Win)
2 - Patrice Bergeron (NYR)
3 - Mark Fistric (NYR)
Power Play
Jets - 1 on 5 Attempt(s) - 20,00%
Rangers - 1 on 4 Attempt(s) - 25,00%
Penalty Kill
Jets - 3 on 4 Attempt(s) - 75,00%
- Score 0 goal in Penalty Kill
Rangers - 4 on 5 Attempt(s) - 80,00%
- Score 0 goal in Penalty Kill
Team Stat
Jets - Hits : 23 - Faceoff Wins : 34 - Blocked Shots : 17 - Penalty Minutes : 8
Rangers - Hits : 28 - Faceoff Wins : 34 - Blocked Shots : 10 - Penalty Minutes : 10
Official
Referees : StPierre Justin and Sutherland Kelly
Linesman : Tony Sericolo and Brad Lazarowich
Game Notes
Eric Gelinas is injured at 18:30 of 3rd period (Left Leg)
Finance
Level 1 -- Attendance: 4597 (76,62%) -- Ticket Income 413 730 $
Level 2 -- Attendance: 3466 (69,32%) -- Ticket Income 190 630 $
Level 3 -- Attendance: 2000 (100,00%) -- Ticket Income 60 000 $
Level 4 -- Attendance: 3477 (86,93%) -- Ticket Income 69 540 $
Luxury Box -- Attendance: 722 (72,20%) -- Ticket Income 126 350 $
Game was played at the Madison Square Garden.
Total Attendance: 14262 (79,23%)
Total Ticket Income: 860 250 $
Other Income: 129 038 $
Total Income: 989 288 $
Jets
5 vs 5 Forward
Center Left Wing Right Wing Time % Phy DF OF
1 Derek Roy Benoit Pouliot Dustin Brown 40 1 2 2
2 Mikko Koivu Jussi Jokinen Blake Wheeler 30 1 2 2
3 Paul Gaustad Michael Rupp Lee Stempniak 20 1 2 2
4 Benoit Pouliot Fredrik Sjostrom Eric Fehr 10 1 2 2
5 vs 5 Defense
Defense Defense Time % Phy DF OF
1 Anton Volchenkov Dmitri Kalinin 40 1 2 2
2 Greg Zanon Adam Pardy 30 1 2 2
3 Kevin Klein Eric Gelinas 20 1 2 2
4 Anton Volchenkov Dmitri Kalinin 10 1 2 2
PowerPlay Forward
Center Left Wing Right Wing Time % Phy DF OF
1 Derek Roy Benoit Pouliot Dustin Brown 60 1 2 2
2 Mikko Koivu Jussi Jokinen Blake Wheeler 40 1 2 2
PowerPlay Defense
Defense Defense Time % Phy DF OF
1 Anton Volchenkov Dmitri Kalinin 60 1 2 2
2 Greg Zanon Adam Pardy 40 1 2 2
Penalty Kill 4 Players Forward
Center Wing Time % Phy DF OF
1 Benoit Pouliot Derek Roy 60 1 2 2
2 Dustin Brown Mikko Koivu 40 1 2 2
Penalty Kill 4 Players Defense
Defense Defense Time % Phy DF OF
1 Anton Volchenkov Dmitri Kalinin 60 1 2 2
2 Greg Zanon Adam Pardy 40 1 2 2
Penalty Kill - 3 Players Forward
Forward Time % Phy DF OF
1 Benoit Pouliot 60 1 2 2
2 Derek Roy 40 1 2 2
Penalty Kill - 3 Players Defense
Defense Defense Time % Phy DF OF
1 Anton Volchenkov Dmitri Kalinin 60 1 2 2
2 Greg Zanon Adam Pardy 40 1 2 2
4 vs 4 Forward
Center Wing Time % Phy DF OF
1 Benoit Pouliot Derek Roy 60 1 2 2
2 Dustin Brown Mikko Koivu 40 1 2 2
4 vs 4 Defense
Defense Defense Time % Phy DF OF
1 Anton Volchenkov Dmitri Kalinin 60 1 2 2
2 Greg Zanon Adam Pardy 40 1 2 2
Last Minutes Offensive
Center Left Wing Right Wing Defense Defense
Derek Roy Benoit Pouliot Dustin Brown Anton Volchenkov Dmitri Kalinin
Last Minutes Defensive
Center Left Wing Right Wing Defense Defense
Derek Roy Benoit Pouliot Dustin Brown Anton Volchenkov Dmitri Kalinin
Goaltenders
Starting : Kari Lehtonen
Backup : Jacob Markstrom
Extra Forwards
Normal : Marcel Hossa, Michael Rupp, Lee Stempniak - PP : Marcel Hossa, Michael Rupp - PK : Lee Stempniak
Extra Defensemen
Normal : Kevin Klein, Eric Gelinas, Greg Zanon - PP : Kevin Klein - PK : Eric Gelinas, Greg Zanon
Penalty Shots
Benoit Pouliot, Derek Roy, Dustin Brown, Mikko Koivu, Jussi Jokinen
Rangers
5 vs 5 Forward
Center Left Wing Right Wing Time % Phy DF OF
1 Patrice Bergeron Milan Lucic Drew Stafford 40 1 2 2
2 Stephen Weiss Mike Cammalleri Jakob Silfverberg 30 1 2 2
3 Valtteri Filppula Chris Bourque Gustav Nyquist 20 1 2 2
4 Artem Anisimov Nick Foligno Matt Read 10 1 2 2
5 vs 5 Defense
Defense Defense Time % Phy DF OF
1 Cam Barker Ryan Suter 40 1 2 2
2 Mark Fistric Staffan Kronwall 30 1 2 2
3 Alexei Emelin Staffan Kronwall 20 1 2 2
4 Cam Barker Mark Fistric 10 1 2 2
PowerPlay Forward
Center Left Wing Right Wing Time % Phy DF OF
1 Patrice Bergeron Milan Lucic Drew Stafford 60 1 2 2
2 Stephen Weiss Mike Cammalleri Jakob Silfverberg 40 1 2 2
PowerPlay Defense
Defense Defense Time % Phy DF OF
1 Cam Barker Mark Fistric 60 1 2 2
2 Matt Greene Ryan Suter 40 1 2 2
Penalty Kill 4 Players Forward
Center Wing Time % Phy DF OF
1 Valtteri Filppula Nick Foligno 60 1 2 2
2 Artem Anisimov Matt Read 40 1 2 2
Penalty Kill 4 Players Defense
Defense Defense Time % Phy DF OF
1 Cam Barker Matt Greene 60 1 2 2
2 Mark Fistric Alexei Emelin 40 1 2 2
Penalty Kill - 3 Players Forward
Forward Time % Phy DF OF
1 Matt Read 60 1 2 2
2 Nick Foligno 40 1 2 2
Penalty Kill - 3 Players Defense
Defense Defense Time % Phy DF OF
1 Cam Barker Matt Greene 60 1 2 2
2 Mark Fistric Alexei Emelin 40 1 2 2
4 vs 4 Forward
Center Wing Time % Phy DF OF
1 Patrice Bergeron Milan Lucic 60 1 2 2
2 Stephen Weiss Jakob Silfverberg 40 1 2 2
4 vs 4 Defense
Defense Defense Time % Phy DF OF
1 Cam Barker Ryan Suter 60 1 2 2
2 Mark Fistric Matt Greene 40 1 2 2
Last Minutes Offensive
Center Left Wing Right Wing Defense Defense
Patrice Bergeron Milan Lucic Jakob Silfverberg Cam Barker Drew Stafford
Last Minutes Defensive
Center Left Wing Right Wing Defense Defense
Patrice Bergeron Nick Foligno Matt Read Cam Barker Mark Fistric
Goaltenders
Starting : Hannu Toivonen
Backup : Henrik Lundqvist
Extra Forwards
Normal : Artem Anisimov, Valtteri Filppula, Milan Lucic - PP : Jakob Silfverberg, Patrice Bergeron - PK : Patrice Bergeron
Extra Defensemen
Normal : Matt Greene, Ryan Suter, Cam Barker - PP : Ryan Suter - PK : Alexei Emelin, Matt Greene
Penalty Shots
Patrice Bergeron, Jakob Silfverberg, Milan Lucic, Stephen Weiss, Valtteri Filppula
% Time on Ice - Jets
Lines # - Real PCT - Wanted PCT - Time Play
Normal Forward
1 - 35% - 40% - 16:23
2 - 30% - 30% - 14:23
3 - 26% - 20% - 12:17
4 - 9% - 10% - 4:11
Normal Defense
1 - 39% - 40% - 18:15
2 - 33% - 30% - 15:33
3 - 22% - 20% - 10:37
4 - 6% - 10% - 2:49
PP Forward
1 - 63% - 60% - 5:03
2 - 37% - 40% - 3:00
PP Defense
1 - 64% - 60% - 5:08
2 - 36% - 40% - 2:55
PK Forward
1 - 82% - 60% - 3:51
2 - 18% - 40% - 0:52
PK Defense
1 - 65% - 60% - 3:03
2 - 35% - 40% - 1:40
PK3 Forward
1 - 68% - 60% - 0:52
2 - 32% - 40% - 0:24
PK3 Defense
1 - 54% - 60% - 0:41
2 - 46% - 40% - 0:35
44 Forward
1 - 80% - 60% - 1:39
2 - 20% - 40% - 0:25
44 Defense
1 - 40% - 60% - 0:49
2 - 60% - 40% - 1:15
Last Minute Offensive - 0:00
Last Minute Defensive - 0:00
Total
Forward - 63:20
Defense - 63:20
|
% Time on Ice - Rangers
Lines # - Real PCT - Wanted PCT - Time Play
Normal Forward
1 - 37% - 40% - 17:38
2 - 28% - 30% - 13:09
3 - 21% - 20% - 10:04
4 - 14% - 10% - 6:23
Normal Defense
1 - 41% - 40% - 19:22
2 - 32% - 30% - 14:59
3 - 19% - 20% - 8:47
4 - 9% - 10% - 4:06
PP Forward
1 - 52% - 60% - 2:26
2 - 48% - 40% - 2:17
PP Defense
1 - 62% - 60% - 2:56
2 - 38% - 40% - 1:47
PK Forward
1 - 70% - 60% - 5:36
2 - 30% - 40% - 2:27
PK Defense
1 - 62% - 60% - 4:59
2 - 38% - 40% - 3:04
PK3 Forward
1 - 0% - 60%
2 - 0% - 40%
PK3 Defense
1 - 0% - 60%
2 - 0% - 40%
44 Forward
1 - 76% - 60% - 2:32
2 - 24% - 40% - 0:48
44 Defense
1 - 59% - 60% - 1:57
2 - 42% - 40% - 1:23
Last Minute Offensive - 0:00
Last Minute Defensive - 0:00
Total
Forward - 63:20
Defense - 63:20
|
Play by Play
1st period
0:01 of 1st period - Derek Roy wins face-off versus Patrice Bergeron in neutral zone.
0:12 of 1st period - Snap shot by Patrice Bergeron.
0:12 of 1st period - Shot Hit the Post.
0:26 of 1st period - Blake Wheeler is hit by Ryan Suter and loses puck.
0:49 of 1st period - Wrist shot by Lee Stempniak.
0:49 of 1st period - Stopped by Hannu Toivonen without a rebound.
0:50 of 1st period - Valtteri Filppula wins face-off versus Paul Gaustad in Rangers zone.
1:17 of 1st period - Snap shot by Chris Bourque.
1:17 of 1st period - Shot Misses the Net.
1:33 of 1st period - Adam Pardy is hit by Gustav Nyquist and loses puck.
1:45 of 1st period - Icing by Gustav Nyquist.
1:46 of 1st period - Derek Roy wins face-off versus Valtteri Filppula in Rangers zone.
2:35 of 1st period - Wrist shot by Benoit Pouliot.
2:35 of 1st period - Shot Blocked by Alexei Emelin.
2:37 of 1st period - Snap shot by Eric Fehr.
2:37 of 1st period - Deflect By Benoit Pouliot.
2:37 of 1st period - Goal by Benoit Pouliot - Jets : 1 - Rangers : 0.
2:38 of 1st period - Derek Roy wins face-off versus Patrice Bergeron in neutral zone.
3:36 of 1st period - Slapshot by Mark Fistric.
3:36 of 1st period - Stopped by Kari Lehtonen without a rebound.
3:37 of 1st period - Derek Roy wins face-off versus Patrice Bergeron in Jets zone.
4:04 of 1st period - Mike Cammalleri is hit by Anton Volchenkov and loses puck.
4:09 of 1st period - Wrist shot by Blake Wheeler.
4:09 of 1st period - Shot Misses the Net.
4:31 of 1st period - Backhand shot by Matt Read.
4:31 of 1st period - Deflect By Nick Foligno.
4:31 of 1st period - Shot Blocked by Michael Rupp.
4:31 of 1st period - Puck is out of play.
4:32 of 1st period - Paul Gaustad wins face-off versus Patrice Bergeron in Jets zone.
4:39 of 1st period - Snap shot by Michael Rupp.
4:39 of 1st period - Stopped by Hannu Toivonen with a rebound.
4:41 of 1st period - Minor Penalty to Milan Lucic for Tripping.
4:42 of 1st period - Derek Roy wins face-off versus Valtteri Filppula in Rangers zone.
4:50 of 1st period - Off-side.
4:51 of 1st period - Derek Roy wins face-off versus Valtteri Filppula in neutral zone.
4:56 of 1st period - Cam Barker is hit by Dmitri Kalinin and loses puck.
5:11 of 1st period - Wrist shot by Derek Roy.
5:11 of 1st period - Stopped by Hannu Toivonen with a rebound.
5:13 of 1st period - Slapshot by Anton Volchenkov.
5:13 of 1st period - Stopped by Hannu Toivonen with a rebound.
5:15 of 1st period - Slapshot by Dustin Brown.
5:15 of 1st period - Stopped by Hannu Toivonen with a rebound.
5:33 of 1st period - Snap shot by Benoit Pouliot.
5:33 of 1st period - Stopped by Hannu Toivonen with a rebound.
5:35 of 1st period - Slapshot by Anton Volchenkov.
5:35 of 1st period - Stopped by Hannu Toivonen with a rebound.
5:37 of 1st period - Slapshot by Anton Volchenkov.
5:37 of 1st period - Stopped by Hannu Toivonen with a rebound.
5:39 of 1st period - Slapshot by Dmitri Kalinin.
5:39 of 1st period - Shot Blocked by Alexei Emelin.
5:41 of 1st period - Slapshot by Dmitri Kalinin.
5:41 of 1st period - Deflect By Benoit Pouliot.
5:41 of 1st period - Shot Misses the Net.
5:41 of 1st period - Puck is out of play.
5:42 of 1st period - Valtteri Filppula wins face-off versus Mikko Koivu in Rangers zone.
6:39 of 1st period - Dmitri Kalinin is hit by Mark Fistric and loses puck.
6:41 of 1st period - Penalty to Milan Lucic is over, Milan Lucic is back on ice.
6:58 of 1st period - Snap shot by Milan Lucic.
6:58 of 1st period - Stopped by Kari Lehtonen without a rebound.
6:59 of 1st period - Stephen Weiss wins face-off versus Paul Gaustad in Jets zone.
7:24 of 1st period - Ryan Suter is hit by Mikko Koivu and loses puck.
8:47 of 1st period - Slapshot by Milan Lucic.
8:47 of 1st period - Goal by Milan Lucic - Jets : 1 - Rangers : 1.
8:48 of 1st period - Patrice Bergeron wins face-off versus Derek Roy in neutral zone.
9:11 of 1st period - Minor Penalty to Jussi Jokinen for Boarding.
9:12 of 1st period - Patrice Bergeron wins face-off versus Benoit Pouliot in Jets zone.
9:13 of 1st period - Wrist shot by Milan Lucic.
9:13 of 1st period - Goal by Milan Lucic - Jets : 1 - Rangers : 2.
9:14 of 1st period - Derek Roy wins face-off versus Patrice Bergeron in neutral zone.
9:17 of 1st period - Mark Fistric is hit by Dustin Brown and loses puck.
9:42 of 1st period - Mark Fistric is hit by Blake Wheeler and loses puck.
9:56 of 1st period - Icing by Jussi Jokinen.
9:57 of 1st period - Artem Anisimov wins face-off versus Paul Gaustad in Jets zone.
10:32 of 1st period - Wrist shot by Jussi Jokinen.
10:32 of 1st period - Shot Blocked by Cam Barker.
10:36 of 1st period - Wrist shot by Jussi Jokinen.
10:36 of 1st period - Stopped by Hannu Toivonen with a rebound.
11:28 of 1st period - Wrist shot by Chris Bourque.
11:28 of 1st period - Shot Misses the Net.
11:38 of 1st period - Wrist shot by Valtteri Filppula.
11:38 of 1st period - Shot Blocked by Eric Gelinas.
12:11 of 1st period - Benoit Pouliot is hit by Stephen Weiss and loses puck.
12:23 of 1st period - Snap shot by Benoit Pouliot.
12:23 of 1st period - Shot Misses the Net.
12:25 of 1st period - Slapshot by Benoit Pouliot.
12:25 of 1st period - Shot Blocked by Alexei Emelin.
12:27 of 1st period - Slapshot by Dmitri Kalinin.
12:27 of 1st period - Deflect By Staffan Kronwall.
12:27 of 1st period - Stopped by Hannu Toivonen without a rebound.
12:28 of 1st period - Milan Lucic wins face-off versus Mikko Koivu in Rangers zone.
13:31 of 1st period - Dmitri Kalinin is hit by Stephen Weiss and loses puck.
13:53 of 1st period - Minor Penalty to Drew Stafford for Cross-checking.
13:54 of 1st period - Valtteri Filppula wins face-off versus Derek Roy in Rangers zone.
13:54 of 1st period - Valtteri Filppula is hit by Dustin Brown.
14:30 of 1st period - Slapshot by Mikko Koivu.
14:30 of 1st period - Stopped by Hannu Toivonen with a rebound.
14:32 of 1st period - Snap shot by Jussi Jokinen.
14:32 of 1st period - Shot Misses the Net.
15:53 of 1st period - Penalty to Drew Stafford is over, Drew Stafford is back on ice.
16:09 of 1st period - Wrist shot by Michael Rupp.
16:09 of 1st period - Shot Misses the Net.
16:19 of 1st period - Wrist shot by Patrice Bergeron.
16:19 of 1st period - Shot Blocked by Kevin Klein.
16:21 of 1st period - Slapshot by Mark Fistric.
16:21 of 1st period - Stopped by Kari Lehtonen with a rebound.
16:23 of 1st period - Snap shot by Jakob Silfverberg.
16:23 of 1st period - Stopped by Kari Lehtonen without a rebound.
16:24 of 1st period - Paul Gaustad wins face-off versus Stephen Weiss in Jets zone.
16:24 of 1st period - Paul Gaustad is hit by Cam Barker.
16:47 of 1st period - Anton Volchenkov is hit by Artem Anisimov and loses puck.
17:33 of 1st period - Valtteri Filppula is hit by Lee Stempniak and loses puck.
17:46 of 1st period - Mark Fistric is hit by Paul Gaustad and loses puck.
17:57 of 1st period - Slapshot by Mark Fistric.
17:57 of 1st period - Stopped by Kari Lehtonen with a rebound.
19:01 of 1st period - Valtteri Filppula is hit by Fredrik Sjostrom and loses puck.
19:16 of 1st period - Snap shot by Stephen Weiss.
19:16 of 1st period - Stopped by Kari Lehtonen without a rebound.
19:17 of 1st period - Stephen Weiss wins face-off versus Derek Roy in Jets zone.
19:33 of 1st period - Cam Barker is hit by Dustin Brown and loses puck.
19:49 of 1st period - Wrist shot by Dustin Brown.
19:49 of 1st period - Shot Misses the Net.
19:51 of 1st period - Snap shot by Dustin Brown.
19:51 of 1st period - Stopped by Hannu Toivonen without a rebound.
19:52 of 1st period - Patrice Bergeron wins face-off versus Mikko Koivu in Rangers zone.
19:59 of 1st period - Anton Volchenkov is hit by Milan Lucic and loses puck.
Goals for this period are 1 for Jets vs 2 for Rangers.
Shots for this period are 13 for Jets vs 8 for Rangers.
2nd period
0:01 of 2nd period - Benoit Pouliot wins face-off versus Milan Lucic in neutral zone.
0:26 of 2nd period - Cam Barker is hit by Mikko Koivu and loses puck.
0:51 of 2nd period - Slapshot by Alexei Emelin.
0:51 of 2nd period - Shot Blocked by Michael Rupp.
0:53 of 2nd period - Snap shot by Mark Fistric.
0:53 of 2nd period - Shot Blocked by Dmitri Kalinin.
0:55 of 2nd period - Slapshot by Cam Barker.
0:55 of 2nd period - Stopped by Kari Lehtonen without a rebound.
0:56 of 2nd period - Derek Roy wins face-off versus Patrice Bergeron in Jets zone.
1:49 of 2nd period - Paul Gaustad is hit by Staffan Kronwall and loses puck.
2:04 of 2nd period - Greg Zanon is hit by Alexei Emelin and loses puck.
2:09 of 2nd period - Wrist shot by Matt Read.
2:09 of 2nd period - Stopped by Kari Lehtonen without a rebound.
2:10 of 2nd period - Patrice Bergeron wins face-off versus Derek Roy in Jets zone.
2:29 of 2nd period - Anton Volchenkov is hit by Drew Stafford and loses puck.
2:42 of 2nd period - Snap shot by Stephen Weiss.
2:42 of 2nd period - Shot Misses the Net.
2:44 of 2nd period - Slapshot by Stephen Weiss.
2:44 of 2nd period - Stopped by Kari Lehtonen with a rebound.
2:46 of 2nd period - Backhand shot by Mark Fistric.
2:46 of 2nd period - Shot Blocked by Mikko Koivu.
4:04 of 2nd period - Off-side.
4:05 of 2nd period - Valtteri Filppula wins face-off versus Paul Gaustad in neutral zone.
4:42 of 2nd period - Snap shot by Michael Rupp.
4:42 of 2nd period - Shot Misses the Net.
4:54 of 2nd period - Wrist shot by Michael Rupp.
4:54 of 2nd period - Shot Misses the Net.
4:56 of 2nd period - Snap shot by Michael Rupp.
4:56 of 2nd period - Shot Misses the Net.
4:58 of 2nd period - Snap shot by Michael Rupp.
4:58 of 2nd period - Shot Blocked by Mark Fistric.
5:00 of 2nd period - Wrist shot by Lee Stempniak.
5:00 of 2nd period - Stopped by Hannu Toivonen with a rebound.
5:02 of 2nd period - Snap shot by Michael Rupp.
5:02 of 2nd period - Stopped by Hannu Toivonen without a rebound.
5:03 of 2nd period - Patrice Bergeron wins face-off versus Derek Roy in Rangers zone.
5:05 of 2nd period - Minor Penalty to Milan Lucic for Cross-checking.
5:06 of 2nd period - Derek Roy wins face-off versus Valtteri Filppula in Rangers zone.
5:12 of 2nd period - Wrist shot by Dustin Brown.
5:12 of 2nd period - Goal by Dustin Brown - Jets : 2 - Rangers : 2.
5:13 of 2nd period - Patrice Bergeron wins face-off versus Derek Roy in neutral zone.
5:22 of 2nd period - Snap shot by Patrice Bergeron.
5:22 of 2nd period - Shot Misses the Net.
5:45 of 2nd period - Snap shot by Mikko Koivu.
5:45 of 2nd period - Goal by Mikko Koivu - Jets : 3 - Rangers : 2.
5:46 of 2nd period - Derek Roy wins face-off versus Patrice Bergeron in neutral zone.
5:46 of 2nd period - Derek Roy is hit by Milan Lucic.
5:50 of 2nd period - Slapshot by Anton Volchenkov.
5:50 of 2nd period - Stopped by Hannu Toivonen without a rebound.
5:51 of 2nd period - Patrice Bergeron wins face-off versus Derek Roy in Rangers zone.
5:51 of 2nd period - Drew Stafford is hit by Dustin Brown and loses puck.
6:28 of 2nd period - Snap shot by Blake Wheeler.
6:28 of 2nd period - Shot Misses the Net.
8:18 of 2nd period - Icing by Artem Anisimov.
8:19 of 2nd period - Patrice Bergeron wins face-off versus Derek Roy in Rangers zone.
8:39 of 2nd period - Icing by Eric Gelinas.
8:40 of 2nd period - Stephen Weiss wins face-off versus Derek Roy in Jets zone.
8:45 of 2nd period - Snap shot by Jakob Silfverberg.
8:45 of 2nd period - Shot Blocked by Kevin Klein.
8:51 of 2nd period - Mike Cammalleri is hit by Dustin Brown and loses puck.
10:13 of 2nd period - Mikko Koivu is hit by Drew Stafford and loses puck.
10:35 of 2nd period - Off-side.
10:36 of 2nd period - Stephen Weiss wins face-off versus Paul Gaustad in neutral zone.
10:36 of 2nd period - Stephen Weiss is hit by Paul Gaustad.
10:44 of 2nd period - Off-side.
10:45 of 2nd period - Derek Roy wins face-off versus Patrice Bergeron in neutral zone.
10:52 of 2nd period - Slapshot by Greg Zanon.
10:52 of 2nd period - Stopped by Hannu Toivonen with a rebound.
10:58 of 2nd period - Greg Zanon is hit by Milan Lucic.
12:08 of 2nd period - Slapshot by Cam Barker.
12:08 of 2nd period - Deflect By Matt Read.
12:08 of 2nd period - Stopped by Kari Lehtonen with a rebound.
12:29 of 2nd period - Wrist shot by Mikko Koivu.
12:29 of 2nd period - Shot Blocked by Staffan Kronwall.
12:47 of 2nd period - Snap shot by Mike Cammalleri.
12:47 of 2nd period - Shot Misses the Net.
12:49 of 2nd period - Slapshot by Staffan Kronwall.
12:49 of 2nd period - Shot Hit the Post.
12:51 of 2nd period - Backhand shot by Mike Cammalleri.
12:51 of 2nd period - Shot Blocked by Dmitri Kalinin.
13:39 of 2nd period - Wrist shot by Milan Lucic.
13:39 of 2nd period - Shot Blocked by Blake Wheeler.
13:41 of 2nd period - Slapshot by Ryan Suter.
13:41 of 2nd period - Deflect By Patrice Bergeron.
13:41 of 2nd period - Stopped by Kari Lehtonen without a rebound.
13:42 of 2nd period - Milan Lucic wins face-off versus Mikko Koivu in Jets zone.
14:03 of 2nd period - Greg Zanon is hit by Patrice Bergeron and loses puck.
14:18 of 2nd period - Wrist shot by Milan Lucic.
14:18 of 2nd period - Shot Misses the Net.
14:30 of 2nd period - Slapshot by Milan Lucic.
14:30 of 2nd period - Stopped by Kari Lehtonen with a rebound.
14:32 of 2nd period - Snap shot by Milan Lucic.
14:32 of 2nd period - Deflect By Drew Stafford.
14:32 of 2nd period - Shot Misses the Net.
14:32 of 2nd period - Puck is out of play.
14:33 of 2nd period - Derek Roy wins face-off versus Stephen Weiss in Jets zone.
14:41 of 2nd period - Off-side.
14:42 of 2nd period - Stephen Weiss wins face-off versus Derek Roy in neutral zone.
14:45 of 2nd period - Dustin Brown is hit by Staffan Kronwall.
14:57 of 2nd period - Snap shot by Jakob Silfverberg.
14:57 of 2nd period - Goal by Jakob Silfverberg - Jets : 3 - Rangers : 3.
14:58 of 2nd period - Derek Roy wins face-off versus Patrice Bergeron in neutral zone.
15:07 of 2nd period - Wrist shot by Benoit Pouliot.
15:07 of 2nd period - Stopped by Hannu Toivonen without a rebound.
15:08 of 2nd period - Derek Roy wins face-off versus Patrice Bergeron in Rangers zone.
15:13 of 2nd period - Slapshot by Benoit Pouliot.
15:13 of 2nd period - Goal by Benoit Pouliot - Jets : 4 - Rangers : 3.
15:14 of 2nd period - Derek Roy wins face-off versus Patrice Bergeron in neutral zone.
15:23 of 2nd period - Wrist shot by Derek Roy.
15:23 of 2nd period - Stopped by Hannu Toivonen without a rebound.
15:24 of 2nd period - Patrice Bergeron wins face-off versus Derek Roy in Rangers zone.
16:11 of 2nd period - Snap shot by Benoit Pouliot.
16:11 of 2nd period - Shot Blocked by Cam Barker.
16:13 of 2nd period - Backhand shot by Dmitri Kalinin.
16:13 of 2nd period - Shot Misses the Net.
16:31 of 2nd period - Minor Penalty to Drew Stafford for Tripping.
16:32 of 2nd period - Jussi Jokinen wins face-off versus Valtteri Filppula in Rangers zone.
16:47 of 2nd period - Icing by Jussi Jokinen.
16:48 of 2nd period - Mikko Koivu wins face-off versus Valtteri Filppula in Jets zone.
17:03 of 2nd period - Slapshot by Adam Pardy.
17:03 of 2nd period - Stopped by Hannu Toivonen without a rebound.
17:04 of 2nd period - Valtteri Filppula wins face-off versus Derek Roy in Rangers zone.
17:19 of 2nd period - Matt Greene is hit by Dustin Brown and loses puck.
18:04 of 2nd period - Wrist shot by Benoit Pouliot.
18:04 of 2nd period - Shot Misses the Net.
18:14 of 2nd period - Mark Fistric is hit by Dustin Brown and loses puck.
18:31 of 2nd period - Penalty to Drew Stafford is over, Drew Stafford is back on ice.
19:05 of 2nd period - Wrist shot by Patrice Bergeron.
19:05 of 2nd period - Shot Blocked by Anton Volchenkov.
19:13 of 2nd period - Wrist shot by Patrice Bergeron.
19:13 of 2nd period - Goal by Patrice Bergeron - Jets : 4 - Rangers : 4.
19:14 of 2nd period - Mikko Koivu wins face-off versus Stephen Weiss in neutral zone.
19:25 of 2nd period - Snap shot by Jakob Silfverberg.
19:25 of 2nd period - Stopped by Kari Lehtonen without a rebound.
19:26 of 2nd period - Mikko Koivu wins face-off versus Stephen Weiss in Jets zone.
19:31 of 2nd period - Stephen Weiss is hit by Mikko Koivu and loses puck.
19:42 of 2nd period - Snap shot by Mikko Koivu.
19:42 of 2nd period - Shot Misses the Net.
Goals for this period are 3 for Jets vs 2 for Rangers.
Shots for this period are 10 for Jets vs 9 for Rangers.
3rd period
0:01 of 3rd period - Stephen Weiss wins face-off versus Derek Roy in neutral zone.
0:53 of 3rd period - Wrist shot by Paul Gaustad.
0:53 of 3rd period - Stopped by Hannu Toivonen with a rebound.
1:15 of 3rd period - Slapshot by Valtteri Filppula.
1:15 of 3rd period - Stopped by Kari Lehtonen without a rebound.
1:16 of 3rd period - Mikko Koivu wins face-off versus Stephen Weiss in Jets zone.
1:23 of 3rd period - Slapshot by Jakob Silfverberg.
1:23 of 3rd period - Shot Blocked by Eric Gelinas.
1:25 of 3rd period - Slapshot by Jakob Silfverberg.
1:25 of 3rd period - Shot Blocked by Kevin Klein.
1:27 of 3rd period - Snap shot by Stephen Weiss.
1:27 of 3rd period - Stopped by Kari Lehtonen with a rebound.
1:29 of 3rd period - Snap shot by Jakob Silfverberg.
1:29 of 3rd period - Stopped by Kari Lehtonen with a rebound.
1:31 of 3rd period - Snap shot by Jakob Silfverberg.
1:31 of 3rd period - Shot Misses the Net.
2:00 of 3rd period - Staffan Kronwall is hit by Benoit Pouliot and loses puck.
3:03 of 3rd period - Slapshot by Paul Gaustad.
3:03 of 3rd period - Stopped by Hannu Toivonen without a rebound.
3:04 of 3rd period - Mikko Koivu wins face-off versus Mike Cammalleri in Rangers zone.
3:10 of 3rd period - Minor Penalty to Ryan Suter for Interference.
3:11 of 3rd period - Valtteri Filppula wins face-off versus Derek Roy in Rangers zone.
3:37 of 3rd period - Valtteri Filppula is hit by Dmitri Kalinin and loses puck.
5:10 of 3rd period - Penalty to Ryan Suter is over, Ryan Suter is back on ice.
5:22 of 3rd period - Snap shot by Paul Gaustad.
5:22 of 3rd period - Stopped by Hannu Toivonen with a rebound.
5:24 of 3rd period - Snap shot by Eric Gelinas.
5:24 of 3rd period - Shot Misses the Net.
5:26 of 3rd period - Snap shot by Eric Gelinas.
5:26 of 3rd period - Shot Blocked by Matt Greene.
5:28 of 3rd period - Slapshot by Kevin Klein.
5:28 of 3rd period - Shot Blocked by Cam Barker.
5:30 of 3rd period - Slapshot by Kevin Klein.
5:30 of 3rd period - Deflect By Paul Gaustad.
5:30 of 3rd period - Shot Misses the Net.
5:30 of 3rd period - Puck is out of play.
5:31 of 3rd period - Paul Gaustad wins face-off versus Stephen Weiss in Rangers zone.
5:32 of 3rd period - Snap shot by Michael Rupp.
5:32 of 3rd period - Stopped by Hannu Toivonen with a rebound.
5:38 of 3rd period - Snap shot by Lee Stempniak.
5:38 of 3rd period - Stopped by Hannu Toivonen with a rebound.
5:40 of 3rd period - Snap shot by Paul Gaustad.
5:40 of 3rd period - Goal by Paul Gaustad - Jets : 5 - Rangers : 4.
5:41 of 3rd period - Patrice Bergeron wins face-off versus Derek Roy in neutral zone.
6:26 of 3rd period - Minor Penalty to Blake Wheeler for Tripping.
6:27 of 3rd period - Benoit Pouliot wins face-off versus Patrice Bergeron in Jets zone.
6:54 of 3rd period - Snap shot by Stephen Weiss.
6:54 of 3rd period - Stopped by Kari Lehtonen without a rebound.
6:55 of 3rd period - Stephen Weiss wins face-off versus Benoit Pouliot in Jets zone.
8:26 of 3rd period - Penalty to Blake Wheeler is over, Blake Wheeler is back on ice.
8:26 of 3rd period - Fredrik Sjostrom is hit by Patrice Bergeron and loses puck.
9:09 of 3rd period - Slapshot by Valtteri Filppula.
9:09 of 3rd period - Shot Misses the Net.
9:23 of 3rd period - Wrist shot by Dustin Brown.
9:23 of 3rd period - Shot Misses the Net.
9:29 of 3rd period - Benoit Pouliot is hit by Staffan Kronwall and loses puck.
9:40 of 3rd period - Wrist shot by Artem Anisimov.
9:40 of 3rd period - Goal by Artem Anisimov - Jets : 5 - Rangers : 5.
9:41 of 3rd period - Derek Roy wins face-off versus Patrice Bergeron in neutral zone.
9:56 of 3rd period - Slapshot by Dustin Brown.
9:56 of 3rd period - Shot Misses the Net.
9:58 of 3rd period - Slapshot by Benoit Pouliot.
9:58 of 3rd period - Shot Misses the Net.
11:15 of 3rd period - Eric Gelinas is hit by Drew Stafford and loses puck.
11:32 of 3rd period - Slapshot by Dmitri Kalinin.
11:32 of 3rd period - Stopped by Hannu Toivonen with a rebound.
11:57 of 3rd period - Off-side.
11:58 of 3rd period - Patrice Bergeron wins face-off versus Mikko Koivu in neutral zone.
12:03 of 3rd period - Wrist shot by Milan Lucic.
12:03 of 3rd period - Shot Misses the Net.
12:05 of 3rd period - Slapshot by Patrice Bergeron.
12:05 of 3rd period - Shot Misses the Net.
12:15 of 3rd period - Snap shot by Patrice Bergeron.
12:15 of 3rd period - Stopped by Kari Lehtonen without a rebound.
12:16 of 3rd period - Stephen Weiss wins face-off versus Derek Roy in Jets zone.
12:19 of 3rd period - Snap shot by Mike Cammalleri.
12:19 of 3rd period - Stopped by Kari Lehtonen with a rebound.
12:21 of 3rd period - Snap shot by Mike Cammalleri.
12:21 of 3rd period - Shot Misses the Net.
12:23 of 3rd period - Snap shot by Mike Cammalleri.
12:23 of 3rd period - Shot Misses the Net.
12:25 of 3rd period - Wrist shot by Jakob Silfverberg.
12:25 of 3rd period - Stopped by Kari Lehtonen with a rebound.
12:27 of 3rd period - Snap shot by Jakob Silfverberg.
12:27 of 3rd period - Stopped by Kari Lehtonen without a rebound.
12:28 of 3rd period - Patrice Bergeron wins face-off versus Derek Roy in Jets zone.
12:37 of 3rd period - Wrist shot by Milan Lucic.
12:37 of 3rd period - Stopped by Kari Lehtonen with a rebound.
12:39 of 3rd period - Slapshot by Ryan Suter.
12:39 of 3rd period - Shot Blocked by Dmitri Kalinin.
12:41 of 3rd period - Snap shot by Ryan Suter.
12:41 of 3rd period - Deflect By Milan Lucic.
12:41 of 3rd period - Stopped by Kari Lehtonen with a rebound.
12:43 of 3rd period - Slapshot by Cam Barker.
12:43 of 3rd period - Shot Blocked by Dmitri Kalinin.
12:45 of 3rd period - Slapshot by Ryan Suter.
12:45 of 3rd period - Stopped by Kari Lehtonen with a rebound.
13:10 of 3rd period - Minor Penalty to Mikko Koivu for Hooking.
13:11 of 3rd period - Patrice Bergeron wins face-off versus Benoit Pouliot in Jets zone.
13:12 of 3rd period - Wrist shot by Milan Lucic.
13:12 of 3rd period - Stopped by Kari Lehtonen with a rebound.
14:13 of 3rd period - Milan Lucic is hit by Dmitri Kalinin and loses puck.
14:26 of 3rd period - Wrist shot by Jakob Silfverberg.
14:26 of 3rd period - Stopped by Kari Lehtonen without a rebound.
14:27 of 3rd period - Benoit Pouliot wins face-off versus Stephen Weiss in Jets zone.
14:47 of 3rd period - Derek Roy is hit by Mike Cammalleri and loses puck.
15:08 of 3rd period - Snap shot by Stephen Weiss.
15:08 of 3rd period - Shot Misses the Net.
15:10 of 3rd period - Penalty to Mikko Koivu is over, Mikko Koivu is back on ice.
15:26 of 3rd period - Anton Volchenkov is hit by Stephen Weiss and loses puck.
15:35 of 3rd period - Wrist shot by Jakob Silfverberg.
15:35 of 3rd period - Stopped by Kari Lehtonen without a rebound.
15:36 of 3rd period - Paul Gaustad wins face-off versus Valtteri Filppula in Jets zone.
15:36 of 3rd period - Paul Gaustad is hit by Chris Bourque.
15:44 of 3rd period - Backhand shot by Lee Stempniak.
15:44 of 3rd period - Stopped by Hannu Toivonen with a rebound.
16:11 of 3rd period - Slapshot by Eric Gelinas.
16:11 of 3rd period - Shot Blocked by Staffan Kronwall.
16:25 of 3rd period - Wrist shot by Artem Anisimov.
16:25 of 3rd period - Shot Misses the Net.
16:27 of 3rd period - Slapshot by Mark Fistric.
16:27 of 3rd period - Shot Blocked by Kevin Klein.
16:29 of 3rd period - Wrist shot by Nick Foligno.
16:29 of 3rd period - Shot Blocked by Eric Gelinas.
16:31 of 3rd period - Wrist shot by Staffan Kronwall.
16:31 of 3rd period - Shot Misses the Net.
16:33 of 3rd period - Slapshot by Staffan Kronwall.
16:33 of 3rd period - Stopped by Kari Lehtonen without a rebound.
16:34 of 3rd period - Valtteri Filppula wins face-off versus Paul Gaustad in Jets zone.
17:44 of 3rd period - Snap shot by Michael Rupp.
17:44 of 3rd period - Stopped by Hannu Toivonen without a rebound.
17:45 of 3rd period - Derek Roy wins face-off versus Valtteri Filppula in Rangers zone.
18:06 of 3rd period - Greg Zanon is hit by Patrice Bergeron and loses puck.
18:29 of 3rd period - Eric Gelinas is hit by Matt Read and loses puck.
18:30 of 3rd period - Eric Gelinas from Jets is injured at 18:30 of 3rd period (Left Leg).
18:31 of 3rd period - Gustav Nyquist wins face-off versus Benoit Pouliot in Jets zone.
18:32 of 3rd period - Wrist shot by Chris Bourque.
18:32 of 3rd period - Shot Misses the Net.
18:40 of 3rd period - Gustav Nyquist is hit by Dmitri Kalinin and loses puck.
18:57 of 3rd period - Blake Wheeler is hit by Artem Anisimov.
19:03 of 3rd period - Snap shot by Jussi Jokinen.
19:03 of 3rd period - Stopped by Hannu Toivonen without a rebound.
19:04 of 3rd period - Derek Roy wins face-off versus Artem Anisimov in Rangers zone.
19:05 of 3rd period - Slapshot by Benoit Pouliot.
19:05 of 3rd period - Shot Misses the Net.
19:16 of 3rd period - Minor Penalty to Adam Pardy for Hooking.
19:17 of 3rd period - Benoit Pouliot wins face-off versus Patrice Bergeron in Jets zone.
Goals for this period are 1 for Jets vs 1 for Rangers.
Shots for this period are 10 for Jets vs 16 for Rangers.
Overtime #1
0:01 of 1st overtime period - Patrice Bergeron wins face-off versus Benoit Pouliot in neutral zone.
0:36 of 1st overtime period - Patrice Bergeron is hit by Benoit Pouliot and loses puck.
0:56 of 1st overtime period - Slapshot by Ryan Suter.
0:56 of 1st overtime period - Shot Blocked by Derek Roy.
1:16 of 1st overtime period - Penalty to Adam Pardy is over, Adam Pardy is back on ice.
1:20 of 1st overtime period - Snap shot by Artem Anisimov.
1:20 of 1st overtime period - Stopped by Kari Lehtonen with a rebound.
1:22 of 1st overtime period - Slapshot by Matt Greene.
1:22 of 1st overtime period - Stopped by Kari Lehtonen without a rebound.
1:23 of 1st overtime period - Patrice Bergeron wins face-off versus Benoit Pouliot in Jets zone.
1:44 of 1st overtime period - Greg Zanon is hit by Mark Fistric and loses puck.
1:49 of 1st overtime period - Backhand shot by Valtteri Filppula.
1:49 of 1st overtime period - Stopped by Kari Lehtonen without a rebound.
1:50 of 1st overtime period - Benoit Pouliot wins face-off versus Patrice Bergeron in Jets zone.
1:57 of 1st overtime period - Ryan Suter is hit by Dmitri Kalinin and loses puck.
2:18 of 1st overtime period - Mikko Koivu is hit by Stephen Weiss.
2:49 of 1st overtime period - Michael Rupp is hit by Mark Fistric.
2:55 of 1st overtime period - Off-side.
2:56 of 1st overtime period - Benoit Pouliot wins face-off versus Patrice Bergeron in neutral zone.
3:20 of 1st overtime period - Slapshot by Jakob Silfverberg.
3:20 of 1st overtime period - Goal by Jakob Silfverberg - Jets : 5 - Rangers : 6.
Goals for this period are 0 for Jets vs 1 for Rangers.
Shots for this period are 0 for Jets vs 4 for Rangers.
Back to the Top